 Dungeon Crawl Stone Soup version 0.28.0 (webtiles) character file.

Game seed: 3172900557470648516

7676 GrayStillPlays the Skirmisher (level 11, -2/58 HPs)
             Began as a Vine Stalker Fighter on Feb 8, 2022.
             Was a Follower of the Shining One.
             Slain by a cyan very ugly thing (4 damage)
             ... summoned by a worldbinder
             ... on level 1 of the Abyss.
             The game lasted 00:36:17 (8757 turns).

GrayStillPlays the Skirmisher (VSFi)                Turns: 8757, Time: 00:36:17

Health: -2/58      AC: 11    Str: 23    XL:     11   Next: 19%
Magic:  0/22       EV: 12    Int: 12    God:    the Shining One [*.....]
Gold:   435        SH:  5    Dex: 15    Spells: 19/23 levels left

rFire   + + +      SeeInvis .   y - +6 dagger of Sumaat {protect, Drain rF++ Str+5, short}
rCold   . . .      Faith    .   c - +0 buckler
rNeg    . . .      Spirit   +   b - +0 troll leather armour
rPois   .          Reflect  .   O - +0 helmet
rElec   .          Harm     .   (no cloak)
rCorr   .          Rampage  .   v - +0 pair of gloves
Will    +....                   (no boots)
Stlth   +.........              K - amulet of regeneration {@e2}
HPRegen 0.00/turn               i - +4 ring of protection
MPRegen 0.18/turn               H - ring of protection from fire

@: about to teleport, sick, glowing
A: fangs 3, regeneration 1, magic shield, antimagic bite, no potion heal 2
a: Renounce Religion, Divine Shield


You were on level 1 of the Abyss.
You worshipped the Shining One.
The Shining One was aware of your devotion.
You visited 2 branches of the dungeon, and saw 11 of its levels.
You visited the Abyss 1 time.

You collected 435 gold pieces.


Innate Abilities, Weirdness & Mutations

You have razor-sharp teeth.
Your natural rate of healing is unusually fast.
When hurt, damage is shared between your health and your magic reserves.
Your bite disrupts and absorbs the magic of your enemies.
Potions cannot restore your health.


   Skills:
 + Level 7.5 Fighting
 - Level 2.8 Maces & Flails
 - Level 6.0 Armour
 + Level 3.1 Dodging
 - Level 6.0 Shields
 + Level 6.7 Spellcasting
 + Level 5.6 Conjurations
 + Level 5.7 Translocations
 + Level 3.7 Invocations


You had 19 spell levels left.
You knew the following spells:

 Your Spells              Type           Power      Damage    Failure   Level
a - Iskenderun's Mystic   Conj/Tloc      17%        2d5       24%         4

Your spell library contained the following spells:

 Spells                   Type           Power      Damage    Failure   Level
 Dazzling Flash           Conj/Hex       20%        N/A       22%         3
 Freeze                   Ice            16%        1d4       24%         1
 Frozen Ramparts          Ice            8%         1d2       58%         3
 Hailstorm                Conj/Ice       10%        3d5       58%         4
 Starburst                Conj/Fire      5%         6d4       100%        6

Inventory:

Hand Weapons
 y - the +6 dagger of Sumaat (weapon) {protect, Drain rF++ Str+5, short}
   (You found it on level 3 of the Dungeon)

   It grants its wielder temporary protection when it strikes (+7 to AC).
   Str:       It affects your strength (+5).
   rF:        It greatly protects you from fire.
   Drain:     It drains your maximum health when unequipped.
Missiles
 f - 14 poisoned darts (quivered) {throwing}
 h - 290 stones {throwing}
 l - 2 throwing nets {=f!fthrowing}
 n - 210 arrows
 t - 89 sling bullets
 A - 15 boomerangs {throwing}
 B - 41 bolts
Armour
 b - a +0 troll leather armour (worn)
   (You found it on level 9 of the Dungeon)
 c - a +0 buckler (worn)
 v - a +0 pair of gloves (worn)
   (You found it on level 3 of the Dungeon)
 N - a +0 kite shield
   (You found it on level 8 of the Dungeon)
 O - a +0 helmet (worn)
   (You found it on level 9 of the Dungeon)
Jewellery
 i - a +4 ring of protection (left hand)
   (You found it on level 1 of the Dungeon)
 j - an amulet of faith {!P}
   (You found it on level 9 of the Dungeon)
 m - an amulet of guardian spirit
   (You found it on level 1 of the Dungeon)
 o - an amulet of the acrobat
   (You found it on level 1 of the Dungeon)
 H - a ring of protection from fire (right hand)
   (You took it off an orc wizard on level 7 of the Dungeon)
 K - an amulet of regeneration (around neck) {@e2}
   (You found it on level 8 of the Dungeon)
Wands
 a - a wand of digging (5)
   (You found it on level 9 of the Dungeon)
 u - a wand of polymorph (10)
   (You found it on level 2 of the Dungeon)
 z - a wand of mindburst (9)
   (You found it on level 3 of the Dungeon)
 C - a wand of iceblast (11)
   (You found it on level 5 of the Dungeon)
 I - a wand of flame (10)
   (You found it on level 7 of the Dungeon)
Scrolls
 g - 4 scrolls of noise {!r}
 p - a scroll of amnesia {unknown}
 q - 3 scrolls of enchant weapon
 r - a scroll of vulnerability {unknown}
 s - 3 scrolls of fear
 x - 2 scrolls of fog
 F - a scroll of enchant armour {unknown}
Potions
 e - 3 potions of curing {@q1}
 k - 3 potions of resistance
 D - 2 potions of attraction {unknown}
 E - a potion of heal wounds {unknown}
 J - a potion of ambrosia {unknown}
 L - a potion of cancellation {unknown}
 M - a potion of berserk rage {unknown}
 P - 2 potions of might

Dungeon Overview and Level Annotations

Branches:
Dungeon (10/15)            Temple (1/1) D:7            Lair (0/6) D:9
    Orc (0/2) D:9

Altars:
Ashenzari
Cheibriados
Dithmenos
Elyvilon
Fedhas
Gozag
Hepliaklqana
Kikubaaqudgha
Makhleb
Nemelex Xobeh
Okawaru
Qazlal
Ru
Sif Muna
Trog
Uskayaw
Vehumet
Wu Jian
Xom
Yredelemnul
Zin
The Shining One

Shops:
D:4 *

Annotations:
D:9 Gastronok, Harold
D:10 Erolcha

#... #..
##..##.#.
#......###
.........
#O._.# #
#.#..## ...
#...#p#..#.
##ux.......
#.#.@.##...
.##.#.#. ..
....# . .
###...# . .
..###. ...
#.# #..
x..# #.# .
###


You could see a cyan very ugly thing (summoned), an ironbound thunderhulk
(summoned), a vault sentinel (summoned) and a worldbinder.


Message History

You feel yourself slow down. 😨 HP[-4] MP[-3]
You take 4 damage, and now have 29/58 hp.
You lost 3 mp, and now have 19/22 mp.
As you read the scroll of teleportation {@r4}, it crumbles to dust.
You feel strangely unstable.
You feel the power of the Abyss delaying your translocation!
The wraith closely misses you. Why would you want to do that?
The ancient zyme hits you but does no damage.
The ancient zyme closely misses you.
You feel ill. The brown very ugly thing stings you!!
* * * LOW HITPOINT WARNING * * *
You are splashed with acid!
* * * LOW HITPOINT WARNING * * *
😱 HP[-17] MP[-10]
You take 17 damage, and now have 12/58 hp.
MASSIVE DAMAGE!! (PAUSE)
You lost 10 mp, and now have 9/22 mp.
You feel ill.
The ancient zyme hits you but does no damage. x2
The brown very ugly thing stings you.
* * * LOW HITPOINT WARNING * * *
You are splashed with acid!
* * * LOW HITPOINT WARNING * * *
😱 HP[-8] MP[-5]
You take 8 damage, and now have 4/58 hp.
You lost 5 mp, and now have 4/22 mp.
You feel yourself speed up. The ancient zyme completely misses you.
The ancient zyme hits you but does no damage.
You feel ill.
The brown very ugly thing stings you but does no damage. 😱 MP[+1] 😱 MP[+1]
You are suddenly pulled into a different region of the Abyss!
You start resting.
A worldbinder comes into view. 😱 MP[+4]
You regained 4 mp, and now have 10/22 mp.
As you read the scroll of teleportation {@r4}, it crumbles to dust.
You feel strangely unstable.
You feel the power of the Abyss delaying your translocation!
The worldbinder calls forth creatures from the Snake Pit!
Read: 3 scrolls of fear
Press: ? - help, Q - select action, (/) - cycle Dir - look around, f - activate You can't see that place.
Okay, then.
Blink to where?
Press: ? - help, Q - select action, (/) - cycle Dir - move target
As you read the scroll of blinking {!r}, it crumbles to dust.
The worldbinder calls forth creatures from the Snake Pit! 😱 MP[+1]
Aiming: Iceblast
Press: ? - help, Q - select action, (/) - cycle Shift-Dir - straight line, f - naga warrior
Aim: a naga warrior, wielding a +0 trident and wearing a +0 robe (summoned)
The mass of ice explodes!
The iceblast engulfs the naga warrior!!
The iceblast engulfs the black mamba!
You hear a bark! x3; You hear a horrible gurgling sound!
Aiming: Iceblast
Press: ? - help, Q - select action, (/) - cycle Shift-Dir - straight line, f/p - naga warrior
Aim: a naga warrior, wielding a +0 trident and wearing a +0 robe (moderately wounded, summoned)
The mass of ice explodes!
The iceblast engulfs the naga warrior.
The iceblast engulfs the worldbinder!
You hear a bark!
The naga warrior spits poison at you. The splash of poison hits you.
You are lethally poisoned!
* * * LOW HITPOINT WARNING * * *
😱 HP[-2] MP[-4]
You take 2 damage, and now have 2/58 hp.
You lost 4 mp, and now have 7/22 mp.
Your system rejects the healing.
You feel better.
The naga warrior hits you from afar with a +0 trident. 😱 MP[-2]
You lost 2 mp, and now have 5/22 mp.
Aiming: Iceblast
Press: ? - help, Q - select action, (/) - cycle Shift-Dir - straight line, f/p - naga warrior
Aim: a naga warrior, wielding a +0 trident and wearing a +0 robe (moderately wounded, summoned, catching its breath)
The mass of ice explodes!
The iceblast engulfs the naga warrior!
The iceblast engulfs the worldbinder but does no damage.
You are suddenly pulled into a different region of the Abyss!
Found a corrupted altar of Lugonu. 😱 MP[+1]
You start resting.
A small abomination comes into view. 😱 MP[+11]
You regained 11 mp, and now have 17/22 mp.
You start resting. 😱 MP[+5]
Your mp is fully restored (22).
You start resting.
A worldbinder comes into view.
You have no ailments to cure.
The worldbinder calls forth creatures from the Vaults!
As you read the scroll of teleportation {@r4}, it crumbles to dust.
You feel strangely unstable.
You feel the power of the Abyss delaying your translocation!
The cyan very ugly thing bites you. The cyan very ugly thing shocks you!!
You die...

Skill      XL: |  1  2  3  4  5  6  7  8  9 10 11 |
---------------+----------------------------------+-----
Maces & Flails | 2 |  2.8
Shields        | 3 4 5 6 |  6.0
Fighting       | 3 4 5 6 7 |  7.5
Armour         | 3 4 5 6 |  6.0
Spellcasting   | 1 2 4 5 6 |  6.7
Conjurations   | 1 3 5 |  5.6
Translocations | 2 4 5 |  5.7
Invocations    | 3 |  3.7
Dodging        | 2 3 |  3.1

Action                   |  1- 3 |  4- 6 |  7- 9 | 10-12 || total
-------------------------+-------+-------+-------+-------++-------
Melee: Flail             |    95 |    67 |       |       ||   162
       Bite              |    15 |    14 |   125 |   146 ||   300
       Dagger            |       |    45 |   387 |   351 ||   783
Throw: Dart              |       |       |       |     7 ||     7
       Stone             |       |       |       |     2 ||     2
Evoke: Wand              |       |     2 |     2 |     6 ||    10
  Use: Scroll            |       |     2 |     2 |     8 ||    12
       Potion            |       |     1 |       |     1 ||     2
Armor: Scale mail        |    26 |       |       |       ||    26
       Chain mail        |    38 |    60 |   278 |   204 ||   580
       Troll leather arm |       |       |       |    33 ||    33
Dodge: Dodged            |    32 |    43 |   168 |   130 ||   373
Block: Buckler           |    23 |    18 |    83 |   113 ||   237

Levels and vault maps discovered:
D:1:      minmay_arrival_five_plusses, layout_basic, basic_ecumenical_altar,
          minmay_rat_gold_closets
D:2:      layout_loops_ring, basic_altar
D:3:      layout_loops_ring, serial_aquarium, aquarium_bridge_square
          [aquarium_subvault_wall, aquarium_subvault_bridge,
          aquarium_subvault_bridge, aquarium_subvault_bridge],
          aquarium_window_2, aquarium_window_3, aquarium_window_2,
          aquarium_window_fake, aquarium_view_2e, aquarium_view_2g,
          aquarium_balcony_double_3, aquarium_pool_four, solitary_fountain
D:4:      layout_layer_cave, nicolae_gozag_zags_fifth_avenue, st_stairs_1
D:5:      layout_loops_ring
D:6:      layout_rooms, chequers_serial_rivers_small_3, minmay_ogre_servants
D:7:      kennysheep_big_flooded_room, layout_loops_ring,
          minmay_temple_entry_proselytizer, nrook_loot_triangle
D:8:      layout_loops_cross, uniq_grum
D:9:      layout_irregular_city, erik_lair_island, erik_orc_1,
          patterned_corridor, uniq_harold, uniq_gastronok, uniq_prince_ribbit1
D:10:     layout_small_grid, grunt_ministairs_14, uniq_erolcha, uniq_joseph,
          uniq_nergalle, uniq_erica
Temple:   mainiacjoe_temple_trianglar_array
Abyss:1:  base: D:5, hangedman_cross_veins, evilmike_abyss_exit_12

Notes
Turn   | Place    | Note
-------+----------+-------------------------------------------
     0 | D:1      | GrayStillPlays the Vine Stalker Fighter began the quest for
                  | the Orb.
     0 | D:1      | Reached XP level 1. HP: 11/11 MP: 2/2
     0 | D:1      | magus.rc [v1.9.6]
   317 | D:1      | Reached skill level 2 in Maces & Flails
   317 | D:1      | Reached XP level 2. HP: 16/16 MP: 3/3
   398 | D:1      | Found a faded altar of an unknown god.
   702 | D:1      | Reached skill level 3 in Shields
   702 | D:1      | Reached XP level 3. HP: 19/19 MP: 4/4
   716 | D:1      | Reached skill level 3 in Fighting
  1011 | D:2      | Found a snail-covered altar of Cheibriados.
  1305 | D:2      | Gained mutation: Your natural rate of healing is unusually
                  | fast. [Vine Stalker growth]
  1305 | D:2      | Reached XP level 4. HP: 8/24 MP: 3/5
  1362 | D:2      | Reached skill level 3 in Armour
  1963 | D:3      | Reached XP level 5. HP: 28/28 MP: 6/6
  2082 | D:3      | Identified the +6 dagger of Sumaat {protect, Drain rF++
                  | Str+5}
  2596 | D:4      | Noticed a centaur
  2596 | D:4      | Noticed a necrophage
  2596 | D:4      | You fall into a shaft and drop 1 floor!
  2596 | D:5      | Entered Level 5 of the Dungeon
  2596 | D:5      | Noticed a centaur
  2599 | D:5      | Noticed a sky beast
  2610 | D:5      | Killed a sky beast
  2612 | D:5      | Killed a centaur
  2613 | D:5      | Reached XP level 6. HP: 19/33 MP: 2/7
  2706 | D:5      | Reached skill level 4 in Fighting
  2724 | D:5      | Noticed a water moccasin
  2731 | D:5      | Killed a water moccasin
  2732 | D:5      | Reached skill level 4 in Shields
  2732 | D:5      | Reached skill level 1 in Spellcasting
  2758 | D:4      | Found an opulent altar of Gozag.
  2782 | D:4      | Found Gozag's Platinum Reserve.
  2830 | D:4      | Reached XP level 7. HP: 37/37 MP: 9/9
  2999 | D:4      | Reached skill level 4 in Armour
  3007 | D:4      | Reached skill level 2 in Spellcasting
  3376 | D:4      | Gained mutation: You have razor-sharp teeth. [Vine Stalker
                  | growth]
  3376 | D:4      | Reached XP level 8. HP: 42/42 MP: 11/13
  3412 | D:4      | Reached skill level 5 in Fighting
  3412 | D:4      | Reached skill level 5 in Shields
  3412 | D:4      | Reached skill level 3 in Spellcasting
  3751 | D:5      | You pick up a book of Spectacle and begin reading...
  3751 | D:5      | You add the spells Dazzling Flash, Iskenderun's Mystic
                  | Blast and Starburst to your library.
  3757 | D:5      | Learned a level 4 spell: Iskenderun's Mystic Blast
  3959 | D:5      | Noticed a hornet
  3964 | D:5      | Paralysed by a hornet for 3 turns
  3971 | D:5      | Killed a hornet
  3972 | D:5      | Reached skill level 5 in Armour
  3972 | D:5      | Reached skill level 1 in Conjurations
  3972 | D:5      | Reached skill level 1 in Translocations
  4396 | D:6      | Reached skill level 4 in Spellcasting
  4485 | D:6      | Reached skill level 2 in Translocations
  4487 | D:6      | Reached XP level 9. HP: 47/47 MP: 16/16
  4589 | D:6      | Reached skill level 2 in Conjurations
  4975 | D:6      | Reached skill level 6 in Fighting
  4975 | D:6      | Reached skill level 6 in Shields
  4975 | D:6      | Reached skill level 3 in Translocations
  5178 | D:7      | Reached skill level 3 in Conjurations
  5479 | D:7      | Noticed a troll
  5533 | D:7      | Killed an unseen horror
  5534 | D:7      | Reached skill level 5 in Spellcasting
  5669 | D:7      | You pick up a book of Frost and begin reading...
  5669 | D:7      | You add the spells Freeze, Frozen Ramparts and Hailstorm to
                  | your library.
  5819 | D:7      | Found a staircase to the Ecumenical Temple.
  5826 | D:7      | Reached skill level 6 in Armour
  5826 | D:7      | Reached skill level 4 in Translocations
  5826 | D:7      | Reached XP level 10. HP: 39/53 MP: 13/18
  5829 | Temple   | Entered the Ecumenical Temple
  6043 | Temple   | Became a worshipper of the Shining One
  6363 | D:7      | Reached skill level 4 in Conjurations
  6489 | D:8      | Reached skill level 1 in Invocations
  6490 | D:8      | Noticed Grum
  6499 | D:8      | Killed Grum
  6506 | D:8      | Reached skill level 1 in Dodging
  6833 | D:8      | Noticed a two-headed ogre
  6866 | D:8      | HP: 12/53 [two-headed ogre (16)]
  6937 | D:8      | Killed a two-headed ogre
  6938 | D:8      | Reached skill level 2 in Invocations
  7212 | D:8      | Reached skill level 2 in Dodging
  7428 | D:8      | Reached skill level 6 in Spellcasting
  7488 | D:9      | Paralysed by a hornet for 3 turns
  7493 | D:9      | Reached skill level 7 in Fighting
  7532 | D:9      | Reached skill level 5 in Translocations
  7567 | D:9      | Reached skill level 5 in Conjurations
  7633 | D:9      | Reached * piety under the Shining One
  7705 | D:9      | Reached skill level 3 in Invocations
  7741 | D:9      | Found a staircase to the Orcish Mines.
  7870 | D:9      | Found a staircase to the Lair.
  7984 | D:9      | Noticed Prince Ribbit
  8002 | D:9      | Killed Prince Ribbit
  8003 | D:9      | Reached XP level 11. HP: 55/58 MP: 19/21
  8140 | D:9      | Reached skill level 3 in Dodging
  8277 | D:9      | Noticed Gastronok
  8442 | D:9      | Noticed Harold
  8470 | D:10     | Entered Level 10 of the Dungeon
  8490 | D:10     | Noticed Erolcha
  8490 | D:10     | Noticed a boulder beetle
  8493 | D:10     | You are cast into the Abyss!
  8493 | D:10     | Cast into level 1 of the Abyss (Erolcha)
  8573 | Abyss:1  | Noticed a brown very ugly thing
  8599 | Abyss:1  | HP: 12/58 [acid (4)]
  8600 | Abyss:1  | HP: 4/58 [acid (4)]
  8630 | Abyss:1  | Noticed a worldbinder
  8634 | Abyss:1  | Noticed a naga warrior
  8636 | Abyss:1  | Noticed a naga warrior
  8639 | Abyss:1  | HP: 2/58 [naga warrior/splash of poison[a worldbinder] (2)]
  8641 | Abyss:1  | Found a corrupted altar of Lugonu.
  8753 | Abyss:1  | Noticed a worldbinder
  8757 | Abyss:1  | Noticed an ironbound thunderhulk
  8757 | Abyss:1  | Noticed a cyan very ugly thing
  8757 | Abyss:1  | Slain by a cyan very ugly thing

Vanquished Creatures
  A two-headed ogre (D:8)
  An unseen horror (D:7)
  4 trolls
  2 hornets
  Prince Ribbit (D:9)
  2 wyverns (D:9)
  A fire bat (Abyss:1)
  Grum (D:8)
  An acid dragon (D:9)
  A water moccasin (D:5)
  A hornet zombie (D:7)
  2 black bears
  5 orc warriors
  A swamp drake (D:9)
  2 necrophages
  A sky beast (D:6)
  3 ogres
  7 wolves
  7 centaurs
  A phantom (D:4)
  A kobold brigand (D:7)
  A small abomination (Abyss:1)
  2 bullfrogs
  A water moccasin zombie (D:6)
  2 scorpions (D:5)
  A water moccasin skeleton (D:6)
  A howler monkey (D:8)
  2 electric eels (D:9)
  3 lava snakes (D:7)
  A bullfrog zombie (D:5)
  3 centaur zombies
  A bullfrog skeleton (D:5)
  5 hounds
  2 jellies
  9 orc priests
  A gnoll shaman (D:6)
  16 orc wizards
  3 iguanas
  A killer bee zombie (D:6)
  A hound skeleton (D:4)
  A howler monkey zombie (D:9)
  11 gnolls
  A howler monkey skeleton (D:6)
  10 adders
  An ufetubus (D:5)
  An adder skeleton (D:4)
  A worm (D:4)
  2 dart slugs
  53 orcs
  3 endoplasms
  2 giant cockroaches (D:1)
  16 goblins
  6 hobgoblins
  3 jackals
  5 quokkas
  5 ball pythons
  7 bats
  3 frilled lizards
  11 kobolds
  16 rats
260 creatures vanquished.

Vanquished Creatures (others)
  A sky beast (D:5)
1 creature vanquished.

Grand Total: 261 creatures vanquished

Table legend:
 A = Non-vault XP
 B = Vault XP
 C = Vault XP percentage of total XP
 D = Non-vault monster count
 E = Vault monster count
 F = Vault count percentage of total count
                 A         B        C        D         E       F
            +---------+---------+-------+---------+---------+-------
      Total |    7335 |    3631 |  33.1 |     201 |      60 |  23.0
            +---------+---------+-------+---------+---------+-------
        D:1 |      40 |      10 |  20.0 |      23 |      10 |  30.3
        D:2 |      82 |       0 |   0.0 |      15 |       0 |   0.0
        D:3 |     183 |       0 |   0.0 |      24 |       0 |   0.0
        D:4 |     687 |      45 |   6.1 |      30 |       3 |   9.1
        D:5 |    1356 |       0 |   0.0 |      29 |       0 |   0.0
        D:6 |     854 |     131 |  13.3 |      23 |       9 |  28.1
        D:7 |     861 |     721 |  45.6 |      20 |       3 |  13.0
        D:8 |    1598 |     687 |  30.1 |      23 |       6 |  20.7
        D:9 |    1674 |    1626 |  49.3 |      14 |      25 |  64.1
       D:10 |       0 |     411 | 100.0 |       0 |       2 | 100.0
    Abyss:1 |       0 |       0 |   N/A |       0 |       2 | 100.0
            +---------+---------+-------+---------+---------+-------

Illustrated notes

Table legend:
 A = Kills in this place as a percentage of kills in entire the game.
 B = Kills by you in this place as a percentage of kills by you in the entire game.
 C = Kills by friends in this place as a percentage of kills by friends in the entire game.
 D = Other kills in this place as a percentage of other kills in the entire game.
 E = Experience gained in this place as a percentage of experience gained in the entire game.
 F = Experience gained in this place divided by the number of levels of this place that you have seen.
                   A       B       C       D       E      F
               +-------+-------+-------+-------+-------+----------------------
         Total | 100.0 | 100.0 |   N/A | 100.0 | 100.0 | 913.8
       Dungeon |  99.2 |  99.2 |   N/A | 100.0 | 100.0 | 1096.6
         Abyss |   0.8 |   0.8 |   N/A |   0.0 |   0.0 |   0.0
               +-------+-------+-------+-------+-------+----------------------

Table legend: (Time is in decaauts)
 A = Elapsed time spent in this place.
 B = Non-inter-level travel time spent in this place.
 C = Inter-level travel time spent in this place.
 D = Time resting spent in this place.
 E = Time spent auto-exploring this place.
 F = Levels seen in this place.
 G = Mean time per level.
                   A        B        C        D        E       F      G
               +--------+--------+--------+--------+--------+-----+--------+
         Total |   8865 |   8324 |    541 |    233 |   4977 |  12 |  738.8 |
       Dungeon |   8174 |   7690 |    484 |    102 |   4620 |  10 |  817.4 |
        Temple |    421 |    364 |     57 |      0 |    357 |   1 |  421.0 |
         Abyss |    269 |    269 |      0 |    131 |      0 |   1 |  269.0 |
               +--------+--------+--------+--------+--------+-----+--------+

Top non-repeatable levels by time:
     D:3: 1070 daAuts
     D:8: 1053 daAuts
     D:1: 1032 daAuts
     D:9: 1010 daAuts
     D:5: 924 daAuts
     D:7: 898 daAuts
     D:4: 756 daAuts
     D:2: 711 daAuts
     D:6: 692 daAuts
  Temple: 421 daAuts
 Abyss:1: 269 daAuts
    D:10: 23 daAuts
